Map: 星軌船廠

Players

YouRush (JoJo)

  • Race: Zerg Zerg
  • League: Master

Expect - Winner!

  • Race: Terran Terran
  • League: Master

Event: 2016 WCS Winter Challenger Taiwan

VOD

Have the link to the VOD?

Description

Time

  • Played on: Jan. 14, 2016, 5:10 a.m.
  • Length: 9:29

All games in this series

Show
View Real Time Build Order
Export as new Build Order

YouRush Zerg 

Build Orders: Hatch First 

Get SALT Encoding   

  12  0:00  Drone  
  13  0:15  Drone  
  13  0:18  Overlord  
  14  0:47  Hatchery  
  13  0:50  Drone  
  14  1:04  Spawning Pool  
  14  1:07  Drone  
  14  1:15  Drone  
  14  1:16  Extractor  
  14  1:17  Drone  
  15  1:23  Drone  
  16  1:30  Drone  
  17  1:39  Drone  
  18  1:51  Zergling x2, Queen  
  21  2:02  Roach Warren  
  21  2:04  Zergling x2  
  21  2:10  Queen  
  23  2:21  Overlord  
  23  2:42  Roach x3  
  28  3:14  Roach x2  
  28  3:19  Overlord, Zergling x8  
  35  3:28  Overlord  
  33  3:42  Ravager x2  
  33  3:45  Zergling x2  
  33  3:46  Zergling x2  
  37  3:51  Zergling x8  
  37  3:55  Zergling x6  
  40  4:05  Zergling x2  
  40  4:07  Zergling x2  
  24  4:17  Zergling x2  
  23  4:25  Drone  
  21  4:31  Drone x2  
  21  4:34  Drone  
  24  4:45  Drone x3  
  27  4:54  Drone  
  27  4:55  Metabolic Boost  
  28  5:01  Roach  
  30  5:07  Roach  
  34  5:14  Roach  
  34  5:22  Extractor  
  34  5:26  Roach x2  
  34  5:33  Overlord  
  31  5:40  Ravager  
  32  5:47  Drone x4  
  36  6:00  Lair  
  32  6:21  Hatchery  
  28  6:27  Zergling x4  
  28  6:28  Zergling x2  
  28  6:31  Zergling x2  
  32  6:35  Zergling x2  
  33  6:42  Zergling x4  
  33  6:45  Zergling x2  
  36  7:05  Spire  
  36  7:08  Drone  
  36  7:13  Drone  
  36  7:14  Drone  
  36  7:15  Drone x2  
  40  7:21  Drone  
  40  7:22  Drone  
  41  7:47  Zergling x8  
  43  7:55  Drone x3  
  43  7:56  Drone  
  47  8:15  Overlord  
  47  8:16  Extractor x2  
  45  8:21  Mutalisk x3  
  45  8:24  Overlord  
  45  8:25  Drone  
  52  8:32  Queen  
  54  8:34  Mutalisk x2  
  58  8:50  Mutalisk x2  
  62  9:00  Zergling x10  
Show
View Real Time Build Order
Export as new Build Order

Expect Terran - Winner!

Build Orders: Reaper Expand, MMM Bio 

Get SALT Encoding   

  12  0:00  SCV  
  13  0:13  SCV  
  14  0:17  Supply Depot  
  14  0:25  SCV  
  15  0:39  SCV  
  15  0:40  Barracks  
  16  0:46  Refinery  
  16  0:51  SCV  
  17  1:03  SCV  
  18  1:15  SCV  
  19  1:28  Orbital Command  
  19  1:31  Reaper  
  20  1:43  Command Center  
  20  1:54  SCV  
  20  1:57  Supply Depot  
  21  2:05  Marine  
  22  2:10  SCV  
  22  2:11  Factory  
  23  2:22  SCV  
  24  2:26  Refinery  
  23  2:32  Barracks Reactor  
  23  2:34  SCV  
  24  2:37  Bunker  
  24  2:42  Barracks Reactor  
  24  2:46  SCV  
  25  2:55  Orbital Command  
  25  2:56  Factory Tech Lab  
  25  2:58  SCV  
  26  3:10  SCV  
  27  3:17  Siege Tank  
  27  3:18  Marine  
  27  3:19  Marine  
  30  3:23  SCV x2  
  29  3:35  SCV x2  
  29  3:38  Marine x2  
  32  3:47  SCV  
  33  3:48  SCV  
  33  3:51  Siege Tank  
  37  3:58  Supply Depot  
  37  3:59  SCV  
  37  4:00  SCV  
  39  4:07  Marine x2  
  38  4:11  SCV  
  38  4:13  SCV  
  35  4:23  SCV  
  35  4:25  SCV  
  35  4:27  Marine x2  
  38  4:31  Bunker  
  38  4:33  Siege Tank  
  38  4:37  SCV x2  
  43  4:47  Starport  
  43  4:49  SCV x2  
  45  4:53  Supply Depot, Marine x2  
  47  5:01  SCV x2  
  48  5:14  SCV x2  
  48  5:18  Command Center, Marine  
  48  5:19  Marine  
  52  5:33  Medivac  
  52  5:34  Barracks  
  52  5:35  SCV, Barracks  
  53  5:36  SCV  
  53  5:40  Supply Depot  
  55  5:43  Marine  
  55  5:44  Marine  
  55  5:48  SCV x2  
  58  6:00  SCV  
  58  6:01  SCV, Marine x2  
  62  6:04  Refinery x2  
  62  6:06  Medivac  
  63  6:17  Siege Tank  
  65  6:18  SCV  
  65  6:19  SCV, Marine x2  
  65  6:21  Engineering Bay  
  65  6:23  Engineering Bay  
  69  6:30  Barracks Tech Lab  
  69  6:31  Barracks Tech Lab  
  69  6:32  Orbital Command  
  69  6:34  SCV x2  
  69  6:37  Marine x2  
  73  6:42  Starport Reactor  
  71  6:52  SCV x2, Barracks  
  71  6:53  Barracks  
  71  6:54  Combat Shields, Stimpack, Marine  
  74  6:55  Orbital Command  
  74  6:58  Marine x2  
  75  7:06  Supply Depot  
  75  7:07  Supply Depot  
  75  7:10  Terran Infantry Weapons Level 1  
  75  7:11  Terran Infantry Armor Level 1, Marine  
  76  7:19  Marine  
  76  7:20  Marine  
  76  7:21  Marine  
  76  7:22  Siege Tank  
  82  7:26  SCV x3  
  82  7:29  Marine  
  86  7:32  Medivac x2  
  90  7:40  SCV  
  90  7:41  SCV x2  
  93  7:51  Missile Turret  
  93  7:52  Barracks Reactor x2, Marine x3  
  93  7:53  Marine  
  93  7:56  Missile Turret  
  93  7:57  Supply Depot  
  93  7:58  Supply Depot  
  97  8:00  SCV x2  
  97  8:02  SCV  
  100  8:10  Marine  
  101  8:18  Marine x3  
  101  8:19  Medivac x2  
  108  8:21  SCV x2  
  108  8:22  SCV  
  108  8:25  Supply Depot  
  108  8:26  Factory Reactor  
  111  8:27  Armory  
  111  8:28  Marine  
  111  8:29  Supply Depot, Marine x4  
  116  8:36  Marine  
  117  8:46  Marine x2  
  117  8:47  Refinery, Marine x3  
  122  8:50  Barracks  
  122  8:51  Marine x2  
  122  8:53  Barracks  
  122  8:54  Barracks, Marine  
  125  9:04  Marine x5  
  133  9:19  Supply Depot  
  133  9:20  Supply Depot x2  
  133  9:21  Supply Depot  
Tags
 
Add a new tag
Caveats
  • Supply blocks, unpowered buildings, or Contaminate may cause inaccurate times.
  • Supply counts are checked every 10 seconds.